 Dungeon Crawl Stone Soup version 0.27-a0-909-g0721f309d1 (webtiles) character file.

Game seed: 13919014098432309510

41 lunkers the Magician (level 3, -1/27 HPs)
             Began as a Djinni Earth Elementalist on Apr 8, 2021.
             Killed from afar by Sigmund (10 damage)
             ... with a magic dart
             ... on level 2 of the Dungeon.
             The game lasted 00:00:55 (1556 turns).

lunkers the Magician (Djinni Earth Elementalist)    Turns: 1556, Time: 00:00:56

Health: -1/27      AC:  2    Str:  7    XL:     3   Next: 52%
Gold:   97         EV: 12    Int: 17    God:
                   SH:  0    Dex: 13

rFire    + + .     SeeInvis .   h - +1 dagger (drain)
rCold    x . .     Faith    .   (no shield)
rNeg     . . .     Spirit   .   c - +0 robe
rPois    ∞         Reflect  .   (no helmet)
rElec    .         Harm     .   (no cloak)
rCorr    .         Rampage  .   (no gloves)
Will     .....                  (boots unavailable)
Stlth    ++........             (no amulet)
HPRegen  0.09/turn              (no ring)
MPRegen  0.00/turn              (no ring)

@: flying
A: fire resistance 2, cold vulnerability 1, float, innate caster, hp casting,
extra vitality 1
a: no special abilities


You were on level 2 of the Dungeon.
You visited 1 branch of the dungeon, and saw 2 of its levels.

You collected 97 gold pieces.

Inventory:

Hand Weapons
 h - a +1 dagger of draining (weapon)
Missiles
 b - 70 stones
Armour
 c - a +0 robe (worn)
Scrolls
 a - a scroll of enchant weapon {unknown}
 e - a scroll of noise {unknown}
 f - a scroll of amnesia {unknown}
 g - a scroll of fear {unknown}
 i - a scroll of immolation {unknown}
 j - a scroll of vulnerability {unknown}
Potions
 d - a potion of flight {unknown}


   Skills:
 + Level 1.4 Fighting
 - Level 2.1 Dodging
 - Level 1.5 Stealth
 * Level 3.5 Spellcasting


You couldn't memorise any spells.
You knew the following spells:

 Your Spells              Type           Power      Damage    Failure   Level
a - Sandblast             Erth           30%        2d9       3%          1
b - Passwall              Tmut/Erth      12%        N/A       6%          2
c - Stone Arrow           Conj/Erth      30%        3d8       12%         3
d - Petrify               Tmut/Erth      15%        N/A       36%         4
e - Lee's Rapid Deconstr  Erth           7%         3d8*      71%         5
f - Magic Dart            Conj           60%        1d6       3%          1
Your spell library was empty.

Dungeon Overview and Level Annotations

Branches:
Dungeon (2/15)

Altars:

Shops:
D:1 *

Annotations:
D:2 Sigmund


Innate Abilities, Weirdness & Mutations

You are immune to poison.
Your flesh is very heat resistant. (rF++)
You are vulnerable to cold. (rC-)
You float through the air rather than walking.
You learn spells naturally, not from books.
Your magical power is your life essence.
You have superior vitality. (+4 HP)


Message History

The blast of sand hits the rat.
You kill the rat!
Found 11 sling bullets.
You see here a rat corpse.
No target in view!
Sigmund the Dreaded comes into view.
He is wielding a +0 scythe and wearing a +1 robe of fire resistance.
Sigmund shouts!
Sigmund looks at you with fury.
A goblin comes into view. It is wielding a +0 dagger.
The goblin shouts!
Casting: Sandblast (safe; 4% risk of failure)
Confirm with . or Enter, or press ? or * to list all spells.
The blast of sand hits the goblin.
You kill the goblin!
Sigmund casts a spell at you.
You are confused.
You are too confused!
You are too confused!
You are too confused!
You are too confused!
Unknown command.
You're too confused to move!
You bump into the rock wall.
Sigmund hits you from afar with a +0 scythe!
You bump into the rock wall.
You feel less confused.
Sigmund is suddenly surrounded by pale red light.
Sigmund hits you from afar with a +0 scythe!
* * * LOW HITPOINT WARNING * * *
Casting: Sandblast (safe; 3% risk of failure)
Confirm with . or Enter, or press ? or * to list all spells.
Aiming: Sandblast (safe; 3% risk of failure)
Press: ? - help, Shift-Dir - straight line, f - Sigmund
Aim: Sigmund, wielding a +0 scythe and wearing a +1 robe of fire resistance (23% to evade)
The blast of sand hits Sigmund.
Sigmund is lightly wounded.
* * * LOW HITPOINT WARNING * * *
Sigmund points at you and mumbles some strange words.
The magic dart hits you!
You die...

###.#.## #.......
...(.. # ....# #
#.#...#.#
#..)....# #@# #+#
#.# #.# #@# #.#
#†# ##.## #.#
##...## #.#
#.....# #.#
..##...## #.#
........########.#
..###.#......)...#
# #.############


You could see Sigmund.

Vanquished Creatures
  A worm (D:2)
  2 dart slugs (D:2)
  6 bats
  2 giant cockroaches
  4 goblins
  2 hobgoblins (D:2)
  2 jackals (D:1)
  2 quokkas (D:1)
  A ball python (D:2)
  A frilled lizard (D:1)
  6 kobolds
  2 rats (D:2)
31 creatures vanquished.

Notes
Turn   | Place    | Note
-------+----------+-------------------------------------------
     0 | D:1      | lunkers the Djinni Earth Elementalist began the quest for
                  | the Orb.
     0 | D:1      | Reached XP level 1. HP: 15/15 MP: 0/0
   292 | D:1      | Found Ipsameh's General Store.
   302 | D:1      | Reached skill level 3 in Spellcasting
   302 | D:1      | Reached XP level 2. HP: 22/22 MP: 0/0
   638 | D:1      | Reached skill level 1 in Fighting
  1182 | D:2      | Reached XP level 3. HP: 26/27 MP: 0/0
  1182 | D:2      | Learned a level 1 spell: Magic Dart
  1547 | D:2      | Noticed Sigmund
  1556 | D:2      | Killed from afar by Sigmund

Illustrated notes

Levels and vault maps discovered:
D:1:      dpeg_arrival_round_a, layout_basic, serial_shops, shop
D:2:      layout_loops_corners, shapermc_ecumenical_altar_mp_vishouse,
          uniq_sigmund

Skill      XL: |  1  2 |
---------------+-------+-----
Spellcasting   | 3 |  3.5
Fighting       | 1 |  1.4
Dodging        | |  2.1
Stealth        | |  1.5

Action                   || total
-------------------------++-------
 Cast: Sandblast         ||    41
Armor: Robe              ||     2
Dodge: Dodged            ||     5

Table legend: (Time is in decaauts)
 A = Elapsed time spent in this place.
 B = Non-inter-level travel time spent in this place.
 C = Inter-level travel time spent in this place.
 D = Time resting spent in this place.
 E = Time spent auto-exploring this place.
 F = Levels seen in this place.
 G = Mean time per level.
                   A        B        C        D        E       F      G
               +--------+--------+--------+--------+--------+-----+--------+
         Total |   1555 |   1528 |     27 |      0 |   1386 |   2 |  777.5 |
       Dungeon |   1555 |   1528 |     27 |      0 |   1386 |   2 |  777.5 |
               +--------+--------+--------+--------+--------+-----+--------+

Top non-repeatable levels by time:
     D:1: 980 daAuts
     D:2: 575 daAuts
